 Dungeon Crawl Stone Soup version 0.31-a0-1074-g0b22e4e0f1 (webtiles) character file.

Game seed: 14619136230466460576

95 grandjackal the Trooper (level 4, 0/48 HPs)
             Began as an Ogre Warper on Dec 1, 2023.
             Slain by an orc
             ... wielding a +0 club
              (4 damage)
             ... on level 3 of the Dungeon.
             The game lasted 00:02:04 (1362 turns).

grandjackal the Trooper (Ogre Warper)               Turns: 1362, Time: 00:02:05

Health: 0/48       AC:  3    Str: 15    XL:     4   Next: 66%
Magic:  6/9        EV:  9    Int: 16    God:
Gold:   123        SH:  0    Dex:  8    Spells: 7/9 levels left

rFire   . . .        m - +2 flail (holy)
rCold   . . .        (no shield)
rNeg    . . .        b - +0 robe
rPois   .            (helmet restricted)
rElec   .            (no cloak)
rCorr   .            (gloves unavailable)
SInv    .            (boots unavailable)
Will    .....        (no amulet)
Stlth   +            (no ring)
HPRegen 0.28/turn    (no ring)
MPRegen 0.11/turn

%: no passive effects
@: on blink cooldown
A: large, unfitting armour, tough skin 1
a: no special abilities


You were on level 3 of the Dungeon.
You visited 1 branch of the dungeon, and saw 3 of its levels.

You collected 123 gold pieces.

Inventory:

Hand Weapons
 m - a +2 flail of holy wrath (weapon)
Missiles
 a - 9 poisoned darts (quivered)
 d - 7 darts of dispersal
Armour
 b - a +0 robe (worn)
Scrolls
 c - 2 scrolls of blinking
 e - a scroll of noise {unknown}
 g - a scroll of torment {unknown}
 h - a scroll of teleportation {unknown}
 i - a scroll of identify {unknown}
 k - a scroll of enchant armour {unknown}
 n - a scroll of immolation {unknown}
Potions
 f - a potion of berserk rage {unknown}
 j - a potion of curing {unknown}
 l - 2 potions of ambrosia {unknown}


   Skills:
 + Level 3.9 Fighting
 + Level 2.6 Maces & Flails
 - Level 1.0 Throwing
 - Level 2.1 Dodging
 + Level 3.3 Spellcasting
 + Level 3.3 Translocations


You had 7 spell levels left.
You knew the following spells:

 Your Spells              Type           Power      Damage    Failure   Level
a - Blink                 Tloc           26%        N/A       7%          2

Your spell library contained the following spells:

 Spells                   Type           Power      Damage    Failure   Level
 Lesser Beckoning         Tloc           26%        N/A       7%          2
 Teleport Other           Tloc           13%        N/A       14%         3
 Magic Dart               Conj           8%         1d3       19%         1
 Searing Ray              Conj           4%         2d4       26%         2
 Manifold Assault         Tloc           13%        N/A       43%         4
 Vhi's Electric Charge    Tloc/Air       14%        N/A       67%         4
 Fulminant Prism          Conj/Hex       1%         3d5       87%         4


Dungeon Overview and Level Annotations

Branches:
Dungeon (3/15)

Altars:
Okawaru

Shops:
D:3 [


Innate Abilities, Weirdness & Mutations

You are too large for most types of armour.
You have tough skin. (AC +1)


Message History

You hit the orc.
The orc is lightly wounded.
You feel sick. The orc hits you but does no damage. The orc barely misses you.
You barely miss the orc.
The orc is lightly wounded.
You feel sick. The orc barely misses you. The orc hits you but does no damage.
The orc closely misses you. The orc hits you with a +0 club.
* * * LOW HITPOINT WARNING * * *
Unknown command.
You hit the orc.
The orc is moderately wounded.
You feel sick. The orc hits you but does no damage.
The orc hits you with a +0 club.
* * * LOW HITPOINT WARNING * * *
Unknown command.
You hit the orc.
You kill the orc!
You feel sick.
You are no longer poisoned.
The orc barely misses you.
Unknown command.
You closely miss the orc.
The orc is lightly wounded.
The orc hits you with a +0 club.
* * * LOW HITPOINT WARNING * * *
Casting: Blink (safe; 7% risk of failure)
Confirm with . or Enter, or press ? or * to list all spells.
You blink.
Throw: 11 darts (poison)
Press: ? - help, Q - select action, (/) - cycle Shift-Dir - straight line, f - orc
Aim: an orc, wielding a +0 club and wearing a +0 ring mail (54% to hit)
You throw a poisoned dart. The poisoned dart hits the orc.
The orc is poisoned.
Unknown command.
Throw: 10 darts (poison)
Press: ? - help, Q - select action, (/) - cycle Shift-Dir - straight line, f/p - orc
Aim: an orc, wielding a +0 club and wearing a +0 ring mail (poisoned, 54% to hit)
You throw a poisoned dart.
The poisoned dart closely misses the orc.
The orc hits you with a +0 club.
You die...

## . .# .# ..# ###.# #..
##...##... #.@# #....
#.o##....# ####### #.....#
.......
##########..#.########......
.......<............##.....#
..........)(................
.)S........).........#...(..
............................
.............#####..........


You could see an orc (poisoned).

Vanquished Creatures
  Jessica (D:2)
  2 adders
  A dart slug (D:1)
  7 orcs
  4 ball pythons
  4 endoplasms
  3 giant cockroaches
  A goblin (D:1)
  5 hobgoblins
  4 quokkas
  3 bats
  2 frilled lizards (D:2)
  A kobold (D:3)
  2 rats (D:1)
40 creatures vanquished.

Notes
Turn   | Place    | Note
-------+----------+-------------------------------------------
     0 | D:1      | grandjackal the Ogre Warper began the quest for the Orb.
     0 | D:1      | Reached XP level 1. HP: 22/22 MP: 3/3
   137 | D:1      | Reached XP level 2. HP: 25/29 MP: 5/5
   140 | D:1      | Learned a level 2 spell: Blink
   437 | D:2      | Reached XP level 3. HP: 34/37 MP: 7/7
   620 | D:2      | Noticed Jessica
   641 | D:2      | Killed Jessica
   642 | D:2      | Reached XP level 4. HP: 34/48 MP: 6/8
   742 | D:2      | Found an iron altar of Okawaru.
  1303 | D:3      | Found Keon's Armour Emporium.
  1362 | D:3      | Slain by an orc

Illustrated notes

Levels and vault maps discovered:
D:1:      dpeg_arrival_line_fractal, layout_rooms
D:2:      layout_basic, basic_altar, kennysheep_jessica_study
D:3:      minmay_door_path, layout_rooms, serial_shops,
          nicolae_shop_real_fake_doors

Skill      XL: |  1  2  3 |
---------------+----------+-----
Fighting       | 3 |  3.9
Maces & Flails | 2 |  2.6
Translocations | 3 |  3.3
Spellcasting   | 3 |  3.3
Throwing       | |  1.0
Dodging        | |  2.1

Action                     |  1- 3 |  4- 6 || total
---------------------------+-------+-------++-------
  Melee: Mace              |    75 |    15 ||    90
         Punch             |     1 |     1 ||     2
         Flail             |       |    30 ||    30
  Throw: Dart              |       |     2 ||     2
   Cast: Blink             |     1 |     1 ||     2
    Use: Potion            |     1 |       ||     1
 Armour: Robe              |    54 |    44 ||    98
  Dodge: Dodged            |    45 |    28 ||    73

Table legend: (Time is in decaauts)
 A = Elapsed time spent in this place.
 B = Non-inter-level travel time spent in this place.
 C = Inter-level travel time spent in this place.
 D = Time resting spent in this place.
 E = Time spent auto-exploring this place.
 F = Levels seen in this place.
 G = Mean time per level.
                   A        B        C        D        E       F      G
               +--------+--------+--------+--------+--------+-----+--------+
         Total |   1395 |   1293 |    102 |    143 |    830 |   3 |  465.0 |
       Dungeon |   1395 |   1293 |    102 |    143 |    830 |   3 |  465.0 |
               +--------+--------+--------+--------+--------+-----+--------+

Top non-repeatable levels by time:
     D:2: 680 daAuts
     D:1: 420 daAuts
     D:3: 294 daAuts
